 Dungeon Crawl Stone Soup version 0.27.1-34-g3ba077fa99 (webtiles) character file.

Game seed: 17114571308284849975

1551 zeram the Thaumaturge (level 8, 0/36 HPs)
             Began as a Spriggan Enchanter on Jan 2, 2022.
             Was an Initiate of Gozag.
             Slain by a steam dragon (5 damage)
             ... on level 7 of the Dungeon.
             The game lasted 00:13:15 (7665 turns).

zeram the Thaumaturge (Spriggan Enchanter)          Turns: 7665, Time: 00:13:15

Health: 0/36       AC:  6    Str:  4    XL:     8   Next: 57%
Magic:  15/21      EV: 23    Int: 18    God:    Gozag
Gold:   653        SH:  0    Dex: 22    Spells: 18/24 levels left

rFire    . . .     SeeInvis +   k - +4 dagger (freeze)
rCold    . . .     Faith    .   (shield restricted)
rNeg     + . .     Spirit   .   b - +2 robe
rPois    .         Reflect  .   e - +2 hat
rElec    .         Harm     .   (no cloak)
rCorr    .         Rampage  .   (gloves unavailable)
Will     +....                  (boots unavailable)
Stlth    +++.......             (no amulet)
HPRegen  0.12/turn              d - +6 ring of dexterity
MPRegen  0.17/turn              h - ring of positive energy

@: very quick
A: very small, no large weapons, unfitting armour, see invisible, speed 3
a: Renounce Religion, Potion Petition, Call Merchant, Bribe Branch


You were on level 7 of the Dungeon.
You worshipped Gozag.
Gozag was pleased with you.
You visited 2 branches of the dungeon, and saw 8 of its levels.

You collected 688 gold pieces.
You paid 35 gold pieces to Gozag.

Inventory:

Hand Weapons
 a - a +1 dagger
 j - a +1 dagger of pain
 k - a +4 dagger of freezing (weapon)
Missiles
 l - a throwing net
Armour
 b - a +2 robe (worn)
 e - a +2 hat (worn)
Jewellery
 d - a +6 ring of dexterity (left hand)
 h - a ring of positive energy (right hand)
 p - a ring of wizardry
 r - a ring of protection from fire
 t - a +4 ring of protection
Potions
 c - 3 potions of curing
 f - a potion of heal wounds {unknown}
 g - a potion of flight {unknown}
 i - a potion of attraction {unknown}
 m - a potion of cancellation {unknown}
 n - a potion of brilliance {unknown}
 o - a potion of lignification {unknown}
 q - a potion of mutation {unknown}
 s - a potion of haste {unknown}


   Skills:
 - Level 1.1 Short Blades
 + Level 7.3 Dodging
 - Level 4.4 Stealth
 + Level 8.8 Spellcasting
 + Level 8.4 Hexes
 - Level 0.2 Ice Magic


You had 18 spell levels left.
You knew the following spells:

 Your Spells              Type           Power      Damage    Failure   Level
a - Corona                Hex            42%        N/A       1%          1
b - Ensorcelled Hibernat  Hex/Ice        46%        N/A       2%          2
c - Tukima's Dance        Hex            38%        N/A       1%          3

Your spell library contained the following spells:

 Spells                   Type           Power      Damage    Failure   Level
 Confusing Touch          Hex            38%        N/A       1%          3
 Dazzling Flash           Conj/Hex       46%        N/A       4%          3
 Inner Flame              Hex/Fire       23%        N/A       4%          3
 Foxfire                  Conj/Fire      28%        2x1d5     9%          1
 Conjure Flame            Conj/Fire      7%         6-21      26%         3
 Dispersal                Tloc           3%         N/A       100%        6
 Disjunction              Tloc           3%         N/A       100%        8


Dungeon Overview and Level Annotations

Branches:
Dungeon (7/15)             Temple (1/1) D:4

Altars:
Cheibriados
Dithmenos
Elyvilon
Fedhas
Gozag
Hepliaklqana
Kikubaaqudgha
Makhleb
Okawaru
Qazlal
Sif Muna
Trog
Uskayaw
Wu Jian
Xom
Yredelemnul
The Shining One
Beogh


Innate Abilities, Weirdness & Mutations

You are very small and have problems with some larger weapons.
You are too small for most types of armour.
You have supernaturally acute eyesight. (SInv)
You cover ground extremely quickly. (Speed+++)


Message History

Aiming: Ensorcelled Hibernation (safe; 2% risk of failure)
Press: ? - help, Shift-Dir - straight line, f - two-headed ogre
Aim: a two-headed ogre, wielding a +0 giant club and a +0 giant spiked club (chance to affect: 35%)
The two-headed ogre easily resists.
A gargoyle comes into view. It is wielding a +0 morningstar.
Casting: Ensorcelled Hibernation (safe; 2% risk of failure)
Confirm with . or Enter, or press ? or * to list all spells.
Aiming: Ensorcelled Hibernation (safe; 2% risk of failure)
Press: ? - help, Shift-Dir - straight line, f/p - two-headed ogre
Aim: a two-headed ogre, wielding a +0 giant club and a +0 giant spiked club (chance to affect: 35%)
The two-headed ogre looks drowsy...
A deep elf pyromancer comes into view. It is wielding a +0 long sword.
The helpless two-headed ogre fails to defend itself.
You impale the two-headed ogre!! You freeze the two-headed ogre!
The two-headed ogre is severely wounded.
The deep elf pyromancer mumbles some strange words.
The two-headed ogre completely misses you.
The two-headed ogre hits you with a +0 giant spiked club!
* * * LOW HITPOINT WARNING * * *
There is an open door here.
Casting: Ensorcelled Hibernation (safe; 2% risk of failure)
Confirm with . or Enter, or press ? or * to list all spells.
Aiming: Ensorcelled Hibernation (safe; 2% risk of failure)
Press: ? - help, Shift-Dir - straight line, f - you, p - two-headed ogre That would be overly suicidal.
Okay, then.
Unknown command.
There is an open door here.
You close the door.
A steam dragon comes into view.
The steam dragon hisses angrily.
The steam dragon breathes steam at you. The ball of steam misses you.
You are engulfed in a cloud of scalding steam.
* * * LOW HITPOINT WARNING * * *
You are engulfed in a cloud of scalding steam.
* * * LOW HITPOINT WARNING * * *
The steam dragon bites you.
You die...
Your body crumbles into a pile of gold.

#.. #.# #.# .##..# #.# .....# ##
#.# .##...###.. ###### #.###.#
..#....
.....#######.....##.#....#
######.......#..####..#..#.#
#..............@.§§§.##....# .#
#........<....D§§§§§.#.....# #.
#########).>..#####§...#...###.#
#....#..# #........+ ...
......#.....#..###....# ..
#..####.###...## #....# . #.#
#.##..#######...# # #.
#.#.............# # .
>.#.##..........#####


You could see a steam dragon (catching breath).

Vanquished Creatures
  A water moccasin (D:7)
  A sky beast (D:5)
  2 necrophages (D:5)
  3 centaurs
  2 ogres (D:5)
  2 scorpions
  A centaur zombie (D:6)
  A centaur skeleton (D:5)
  7 hounds
  3 jellies
  An orc priest (D:6)
  2 bullfrog skeletons (D:6)
  An orc wizard (D:7)
  A killer bee zombie (D:5)
  A hound skeleton (D:5)
  7 adders
  A white imp (D:6)
  2 ufetubi (D:5)
  3 worms
  7 orcs
  5 endoplasms (D:2)
  5 giant cockroaches
  4 goblins
  6 hobgoblins
  4 quokkas
  8 ball pythons
  2 bats
  4 frilled lizards
  7 kobolds
  9 rats
  A butterfly (D:4)
104 creatures vanquished.

Vanquished Creatures (others)
  A deep elf pyromancer (D:7)
1 creature vanquished.

Grand Total: 105 creatures vanquished

Notes
Turn   | Place    | Note
-------+----------+-------------------------------------------
     0 | D:1      | zeram the Spriggan Enchanter began the quest for the Orb.
     0 | D:1      | Reached XP level 1. HP: 9/9 MP: 5/5
   408 | D:1      | Reached XP level 2. HP: 13/13 MP: 6/6
   527 | D:2      | Learned a level 2 spell: Ensorcelled Hibernation
   905 | D:2      | Reached XP level 3. HP: 16/16 MP: 3/9
  1312 | D:2      | Learned a level 3 spell: Tukima's Dance
  1653 | D:2      | Reached XP level 4. HP: 10/21 MP: 7/10
  1888 | D:2      | Found a faded altar of an unknown god.
  2468 | D:2      | Reached skill level 5 in Hexes
  2752 | D:3      | Found a basalt altar of Yredelemnul.
  2773 | D:3      | Found a burning altar of Makhleb.
  3045 | D:3      | Reached XP level 5. HP: 20/24 MP: 7/12
  3181 | D:3      | Found an opulent altar of Gozag.
  3196 | D:3      | Became a worshipper of Gozag Ym Sagoz the Greedy
  3590 | D:4      | Found a staircase to the Ecumenical Temple.
  3596 | Temple   | Entered the Ecumenical Temple
  3851 | D:4      | Reached skill level 5 in Spellcasting
  4005 | D:4      | HP: 1/24 [poisoned by a scorpion]
  4301 | D:4      | Reached XP level 6. HP: 28/28 MP: 8/15
  4460 | D:4      | Found a white marble altar of Elyvilon.
  4463 | D:4      | You fall into a shaft and drop 1 floor!
  4463 | D:5      | Entered Level 5 of the Dungeon
  4774 | D:5      | Reached XP level 7. HP: 32/32 MP: 17/17
  5050 | D:5      | Reached skill level 5 in Dodging
  5510 | D:5      | Found a bloodstained altar of Trog.
  5694 | D:5      | Found a hide-covered altar of Uskayaw.
  6133 | D:6      | Reached XP level 8. HP: 36/36 MP: 15/20
  6208 | D:6      | Found a glowing golden altar of the Shining One.
  7611 | D:7      | Noticed a two-headed ogre
  7613 | D:7      | Noticed a gargoyle
  7615 | D:7      | Noticed a deep elf pyromancer
  7626 | D:7      | Killed a deep elf pyromancer
  7665 | D:7      | Slain by a steam dragon

Illustrated notes

Levels and vault maps discovered:
D:1:      heliophobic_arrival_henge, layout_rooms
D:2:      layout_basic, hellmonk_ecumenical_altar_defaced_shrine,
          minmay_misc_feat_more_columns, st_stairs_11, minmay_quantized
D:3:      layout_loops_ring, mainiacjoe_overflow_small_starburst,
          nicolae_gozag_cash_rules_everything_around_me,
          nicolae_overflow_crystal_walls, chequers_jeans, minivault_11
D:4:      layout_cave_pools, elyvilon_altar_3, minmay_temple_entry_butterflies,
          patterned_corridor
D:5:      layout_layer_cave, trog_butcher_becter, mainiacjoe_overflow_alcove_2
D:6:      layout_loops_ring, lemuel_coloured_pillars_altar
D:7:      layout_rooms, minmay_the_grid_2x2 [minmay_the_grid_spikes,
          minmay_the_grid_dragon_b, minmay_the_grid_outer_circle,
          minmay_the_grid_prize_trominoes]
Temple:   jpeg_temple_alley_garden

Skill      XL: |  1  2  3  4  5  6  7  8 |
---------------+-------------------------+-----
Hexes          | 4 5 6 7 8 |  8.4
Spellcasting   | 3 4 5 6 7 8 |  8.8
Dodging        | 3 4 5 7 |  7.3
Short Blades   | |  1.1
Stealth        | |  4.4
Ice Magic      | |  0.2

Action                   |  1- 3 |  4- 6 |  7- 9 || total
-------------------------+-------+-------+-------++-------
Melee: Dagger            |    84 |    85 |   131 ||   300
 Cast: Corona            |     3 |     3 |     4 ||    10
       Ensorcelled Hiber |    15 |    42 |    21 ||    78
  Use: Scroll            |       |     4 |     5 ||     9
       Potion            |       |       |     1 ||     1
 Stab: Sleeping          |    23 |    26 |    19 ||    68
       Distracted        |       |     1 |     2 ||     3
Armor: Robe              |     6 |    22 |    15 ||    43
Dodge: Dodged            |    44 |   118 |   122 ||   284
